 Dungeon Crawl Stone Soup version 0.23-a0-333-g006994f (webtiles) character file.

2784 Faust the Thaumaturge (level 9, -8/46 HPs)
             Began as a Deep Elf Conjurer on Oct 16, 2018.
             Was a Follower of Vehumet.
             Killed from afar by a jackal (36 damage)
             ... with an exploding inner flame
             ... hexed by the player character
             ... on level 6 of the Dungeon on Oct 17, 2018.
             The game lasted 01:08:12 (7953 turns).

Faust the Thaumaturge (Deep Elf Conjurer)           Turns: 7953, Time: 01:08:12

Health: -8/46      AC:  7    Str:  5    XL:     9   Next: 43%
Magic:  14/25      EV: 28    Int: 26    God:    Vehumet [*.....]
Gold:   452        SH:  0    Dex: 13    Spells: 2/29 levels left

rFire    . . .     SeeInvis .   a - +0 rapier
rCold    . . .     Gourm    .   (no shield)
rNeg     + . .     Faith    .   t - +1 robe
rPois    .         Spirit   .   (no helmet)
rElec    .         Reflect  .   k - +0 cloak
rCorr    .         Harm     .   (no gloves)
MR       .....                  A - +0 pair of boots
Stlth    +++.......             o - amulet of the acrobat
HPRegen  0.15/turn              z - ring of positive energy
MPRegen  0.19/turn              (no ring)

@: acrobat, very slightly contaminated
A: icy blue scales 1, clever 1, clumsy 1
a: Renounce Religion


You were on level 6 of the Dungeon.
You worshipped Vehumet.
Vehumet was aware of your devotion.
You were not hungry.

You visited 2 branches of the dungeon, and saw 8 of its levels.
You also visited: Sewer.

You collected 452 gold pieces.

Inventory:

Hand Weapons
 a - a +0 rapier (weapon)
Armour
 k - a +0 cloak (worn)
 t - a +1 robe (worn)
 A - a +0 pair of boots (worn)
Jewellery
 h - an uncursed ring of ice
 o - an amulet of the acrobat (around neck)
 z - a ring of positive energy (left hand)
Wands
 j - a wand of paralysis (7)
 m - a wand of flame (12)
 q - a wand of disintegration (7)
 r - a wand of random effects (23)
Scrolls
 b - a scroll of magic mapping {unknown}
 d - 2 scrolls of fog
 f - 2 scrolls of fear
 g - a scroll of teleportation
 n - a scroll of blinking {unknown}
 p - a scroll of identify
 u - a scroll of enchant weapon {unknown}
 y - a scroll of remove curse
Potions
 c - a potion of heal wounds
 e - a potion of invisibility
 i - a potion of ambrosia {unknown}
 s - 2 potions of curing
 v - a potion of magic
 w - a potion of resistance {unknown}
 x - a potion of flight {unknown}


   Skills:
 + Level 0.4 Fighting
 + Level 0.5 Short Blades
 + Level 3.7 Dodging
 + Level 5.5 Stealth
 + Level 1.0 Unarmed Combat
 + Level 10.5 Spellcasting
 + Level 10.2 Conjurations
 + Level 2.7 Hexes
 + Level 0.3 Translocations
 + Level 1.8 Evocations


You had 2 spell levels left.
You knew the following spells:

 Your Spells              Type           Power        Failure   Level  Hunger
a - Magic Dart            Conj           ####         1%          1    None
b - Searing Ray           Conj           ######       1%          2    None
c - Dazzling Spray        Conj/Hex       #####.       1%          3    None
d - Iskenderun's Mystic   Conj           ######..     1%          4    None
e - Fulminant Prism       Conj/Hex       #####.....   3%          4    None
f - Force Lance           Conj/Tloc      #####...     4%          4    None
g - Lightning Bolt        Conj/Air       #####.....   14%         5    ####...
h - Airstrike             Air            ##........   41%         4    None

Your spell library contained the following spells:

 Spells                   Type           Power        Failure   Level  Hunger
 Sandblast                Erth           ##....       4%          1    None
 Shock                    Conj/Air       ####         1%          1    None
 Swiftness                Chrm/Air       ##......     7%          2    None
 Static Discharge         Conj/Air       #####...     1%          3    None


Dungeon Overview and Level Annotations

Branches:
Dungeon (7/15)             Temple (1/1) D:5

Altars:
Ashenzari
Cheibriados
Elyvilon
Fedhas
Gozag
Hepliaklqana
Kikubaaqudgha
Makhleb
Nemelex Xobeh
Qazlal
Uskayaw
Vehumet
Wu Jian
Xom
The Shining One

Shops:
D:6 (


Innate Abilities, Weirdness & Mutations

You are partially covered in icy blue scales. (AC +2)
Your mind is acute. (Int +2)
You are clumsy. (Dex -2)


Message History

The jackal completely misses you.
There is a stone staircase leading up here.
The jackal barely misses you.
You climb upwards.
There is a stone staircase leading down here.
Casting: Lightning Bolt (slightly dangerous; 14% risk of failure)
Confirm with . or Enter, or press ? or * to list all spells.
Aiming: Searing Ray (safe; 1% risk of failure)
Press: ? - help, Shift-Dir - straight line, f - jackal
Aim: a jackal (inner flame)
The searing ray hits the jackal.
The jackal is almost dead. (Press . to maintain the ray.)
The jackal closely misses you.
The jackal bites you but does no damage.
The searing ray hits the jackal.
The jackal explodes!
The fiery explosion engulfs you!
Ouch! That really hurt!
You die...

#.#.######......#.#........
#.#.....####....#.#........
#.#.###....#....#.########'
#.#.######.#....#.# #..
#.#......#.#....#.# #..
#.#.##.....#....#.# #..
#.#.............#.# ######
#####'#..#....§.#<..'.# #.....
#)......##....@§§...### #.....
#..........#..###...######.....
#.......#..##.#...........<..#.
#.......#.....#.#.##(.#.###....
#.......#..####'#.....#..##..#.
#...........#.....##......#..##
###...........#.........#......##
#.............#...>...#####.#....
#.............#.............#....


There were no monsters in sight!

Vanquished Creatures
  A two-headed ogre (D:6)
  The ghost of tuf08440 the Skirmisher, a novice GrGl (D:5)
  2 sky beasts
  A black bear (D:6)
  An ogre (D:5)
  2 centaurs
  2 big kobolds (Sewer)
  3 bullfrogs (D:6)
  A howler monkey (D:4)
  4 crimson imps
  2 orc priests
  2 hounds
  A bullfrog skeleton (D:3)
  2 iguanas
  4 orc wizards
  9 worker ants
  A hound zombie (D:5)
  A hound skeleton (D:5)
  A howler monkey zombie (D:5)
  12 adders
  A river rat (Sewer)
  A shadow imp (D:5)
  6 oozes
  5 worms
  2 dart slugs
  7 leopard geckos
  17 orcs
  6 bats
  13 giant cockroaches
  6 goblins
  6 hobgoblins
  20 jackals
  4 quokkas
  5 ball pythons
  A ball python zombie (D:5)
  10 frilled lizards
  13 kobolds
  A leopard gecko zombie (D:5)
  A quokka skeleton (D:7)
  10 rats
  4 butterflies (D:6)
192 creatures vanquished.

Vanquished Creatures (others)
  15 fulminant prisms
15 creatures vanquished.

Grand Total: 207 creatures vanquished

Notes
Turn   | Place    | Note
-------+----------+-------------------------------------------
     0 | D:1      | Faust the Deep Elf Conjurer began the quest for the Orb.
     0 | D:1      | Reached XP level 1. HP: 10/10 MP: 6/6
   279 | D:1      | Reached XP level 2. HP: 15/15 MP: 2/8
   283 | D:1      | Learned a level 2 spell: Searing Ray
   458 | D:1      | Reached skill level 5 in Conjurations
   617 | D:1      | Reached XP level 3. HP: 19/19 MP: 6/9
  1178 | D:2      | Found a burning altar of Makhleb.
  1378 | D:2      | Reached XP level 4. HP: 24/24 MP: 2/12
  1384 | D:2      | Learned a level 4 spell: Iskenderun's Mystic Blast
  1389 | D:2      | Learned a level 4 spell: Fulminant Prism
  1887 | D:3      | Gained mutation: Your mind is acute. (Int +2) [potion of
                  | mutation]
  1887 | D:3      | Gained mutation: You are clumsy. (Dex -2) [potion of
                  | mutation]
  1887 | D:3      | Gained mutation: You are partially covered in icy blue
                  | scales. (AC +2) [potion of mutation]
  2308 | D:3      | Reached XP level 5. HP: 28/28 MP: 3/13
  3037 | D:4      | Reached skill level 5 in Spellcasting
  3099 | D:4      | Reached skill level 1 in Unarmed Combat
  3186 | D:4      | Reached XP level 6. HP: 24/32 MP: 1/16
  3523 | D:4      | Reached skill level 1 in Evocations
  3524 | D:4      | Found a glowing drain.
  3534 | Sewer    | Entered a sewer
  3752 | Sewer    | Reached XP level 7. HP: 36/36 MP: 7/18
  5020 | D:5      | Entered Level 5 of the Dungeon
  5143 | D:5      | Found a runed gate.
  5145 | D:5      | Found a runed gate.
  5145 | D:5      | Found an opulent altar of Gozag.
  5145 | D:5      | Found a runed gate.
  5172 | D:5      | Noticed tuf08440's ghost (novice GrGl)
  5512 | D:5      | Reached XP level 8. HP: 41/41 MP: 13/21
  5521 | D:5      | Reached skill level 5 in Stealth
  5528 | D:5      | Reached skill level 1 in Hexes
  5798 | D:5      | Found an ornate altar of the Wu Jian Council.
  5798 | D:5      | Found an opulent altar of Gozag.
  5953 | D:5      | Found a staircase to the Ecumenical Temple.
  5965 | Temple   | Entered the Ecumenical Temple
  6011 | Temple   | Became a worshipper of Vehumet
  6045 | D:5      | Killed tuf08440's ghost
  6225 | D:6      | Found a burning altar of Makhleb.
  6236 | D:6      | Upgraded the game from 0.23-a0-332-g9fe5f10 to
                  | 0.23-a0-333-g006994f
  6934 | D:6      | Found a runed door.
  6937 | D:6      | Found a runed door.
  6970 | D:6      | Reached * piety under Vehumet
  6970 | D:6      | Offered knowledge of Sandblast by Vehumet.
  7031 | D:6      | Reached XP level 9. HP: 45/45 MP: 17/24
  7107 | D:6      | Learned a level 3 spell: Dazzling Spray
  7112 | D:6      | Learned a level 4 spell: Force Lance
  7236 | D:6      | Found Gorashryboi's Antique Weapon Emporium.
  7306 | D:6      | Noticed a two-headed ogre
  7315 | D:6      | Killed a two-headed ogre
  7315 | D:6      | Reached skill level 10 in Spellcasting
  7315 | D:6      | Reached skill level 10 in Conjurations
  7919 | D:7      | Learned a level 5 spell: Lightning Bolt
  7924 | D:7      | Learned a level 4 spell: Airstrike
  7953 | D:6      | Killed from afar by a jackal

Vault maps used:
D:1:      lemuel_arrival_rhombus, serial_curves, eino_curves_04, eino_curves_03
D:2:      kennysheep_six_static_rooms, nicolae_overflow_crystal_walls
D:3:      mrwooster_statue_mirror
D:4:      first_ration, gup_sewer_entry_pipe
D:5:      gammafunk_temple_overflow_elements, minmay_temple_entry_glassed_door,
          ebering_ghost_gozag, skrybe_limestone_x
D:6:      lemuel_insect_pit, serial_shops, shop, bloody_makhleb
D:7:      statuecave_lemuel, grunt_ogre_cave, uniq_menkaure
Temple:   nicolae_temple_x_marks_the_god
Sewer:    sewer_co_tree

Skill      XL: |  1  2  3  4  5  6  7  8  9 |
---------------+----------------------------+-----
Conjurations   | 5 6 7 8 9 10 | 10.2
Stealth        | 3 4 5 |  5.5
Spellcasting   | 4 5 6 7 9 10 | 10.5
Unarmed Combat | 1 |  1.0
Evocations     | 1 |  1.8
Hexes          | 1 2 |  2.7
Dodging        | 3 |  3.7
Fighting       | |  0.4
Short Blades   | |  0.5
Translocations | |  0.3

Action                   |  1- 3 |  4- 6 |  7- 9 || total
-------------------------+-------+-------+-------++-------
Melee: Unarmed           |     5 |     5 |     1 ||    11
       Rapier            |       |       |     5 ||     5
 Cast: Magic Dart        |    50 |    52 |    99 ||   201
       Searing Ray       |     7 |    13 |    27 ||    47
       Fulminant Prism   |       |     7 |     8 ||    15
       Iskenderun's Myst |       |    15 |    40 ||    55
       Dazzling Spray    |       |       |     2 ||     2
       Lightning Bolt    |       |       |     1 ||     1
       Airstrike         |       |       |     1 ||     1
       Force Lance       |       |       |     1 ||     1
Evoke: Wand              |       |    21 |       ||    21
  Use: Scroll            |     3 |     1 |     5 ||     9
       Potion            |     2 |     4 |       ||     6
  Eat: Ration            |     1 |     2 |     4 ||     7
       Chunk             |       |     1 |     4 ||     5
Armor: Robe              |     2 |    11 |    15 ||    28
Dodge: Dodged            |    12 |    21 |    60 ||    93

Table legend:
 A = Non-vault XP
 B = Vault XP
 C = Vault XP percentage of total XP
 D = Non-vault monster count
 E = Vault monster count
 F = Vault count percentage of total count
                 A         B        C        D         E       F
            +---------+---------+-------+---------+---------+-------
      Total |    3071 |     907 |  22.8 |     137 |      51 |  27.1
            +---------+---------+-------+---------+---------+-------
        D:1 |      51 |       0 |   0.0 |      27 |       0 |   0.0
        D:2 |      36 |      50 |  58.1 |       9 |       6 |  40.0
        D:3 |     103 |       0 |   0.0 |      23 |       0 |   0.0
        D:4 |     463 |      15 |   3.1 |      24 |       6 |  20.0
        D:5 |     622 |     358 |  36.5 |      27 |       2 |   6.9
        D:6 |    1795 |     173 |   8.8 |      26 |       9 |  25.7
        D:7 |       1 |       0 |   0.0 |       1 |       0 |   0.0
      Sewer |       0 |     311 | 100.0 |       0 |      28 | 100.0
            +---------+---------+-------+---------+---------+-------
